cohdb
Replays
Latest Replays
All Replays
Popular Replays
Top Player Replays
Match Explorer
How It Works
Community
CoH3 Stats
Reddit
Sign in to upload your games and track your stats! →
Sign in with Steam
Match 19803837
Unlisted
Match 19803837
Overview
Messages
Build Orders
End
Selects Airborne Battlegroup
Selects Pathfinders
Pathfinder Squad
Construct Barracks
Riflemen Squad
Riflemen Squad
M1 Mortar Team
Infantry Support Center
Selects Paratrooper Squad Paradrop
Paratrooper Squad Paradrop
Construct Medical Station
Selects Anti-tank Gun Team Paradrop
M1918 Browning Automatic Rifles
Construct Motor Pool
Selects Smoke Bombing Run
Selects Supply Drop
M8 Greyhound Armored Car
Anti-tank Gun Team Paradrop
Engineer Squad
Construct Tank Depot
Selects Carpet Bombing Run
M4(105) Sherman Bulldozer
Riflemen Squad
M18 Hellcat Tank Destroyer
Carpet Bombing Run
MonoChrome
aka p.r.a.s.a.
Gatom
[VGE] The Faith
0
0
Comments
sign in to comment!
No comments posted yet!